 Dungeon Crawl Stone Soup version 0.23.2-40-g277498a (webtiles) character file.

Game seed: 15001377171019446356

107 Fang the Skirmisher (level 4, -6/29 HPs)
             Began as a Gargoyle Berserker on Oct 15, 2019.
             Was a Believer of Trog.
             Killed by divine providence
             ... invoked by an orc priest
              (13 damage)
             ... on level 3 of the Dungeon.
             The game lasted 00:02:16 (1565 turns).

Fang the Skirmisher (Gargoyle Berserker)            Turns: 1565, Time: 00:02:16

Health: -6/29      AC:  5    Str: 22    XL:     4   Next: 85%
Magic:  4/4        EV: 12    Int:  7    God:    Trog [**....]
Gold:   163        SH:  0    Dex:  9    Spells: 3/3 levels left

rFire    . . .     SeeInvis .   a - +0 hand axe
rCold    . . .     Gourm    .   (no shield)
rNeg     + . .     Faith    .   b - +0 animal skin
rPois    ∞         Spirit   .   (no helmet)
rElec    +         Reflect  .   (no cloak)
rCorr    .         Harm     .   (no gloves)
MR       ++...                  (no boots)
Stlth    +.........             (no amulet)
HPRegen  1.09/turn              (no ring)
MPRegen  0.09/turn              (no ring)

@: berserk cooldown, regenerating, slowed, very slow
A: negative energy resistance 1, electricity resistance, unbreathing,
petrification resistance, rot immunity, AC +3
a: Berserk, Trog's Hand, Renounce Religion


You were on level 3 of the Dungeon.
You worshipped Trog.
Trog was pleased with you.
You were very hungry.

You visited 1 branch of the dungeon, and saw 3 of its levels.

You collected 163 gold pieces.

Inventory:

Hand Weapons
 a - a +0 hand axe (weapon)
Armour
 b - a +0 animal skin (worn)
Jewellery
 n - an uncursed ring of protection from cold {unknown}
Scrolls
 e - a scroll of fear {unknown}
 f - 2 scrolls of fog {unknown}
 g - 3 scrolls of identify {unknown}
 h - a scroll of teleportation {unknown}
 i - 3 scrolls of remove curse {unknown}
 l - a scroll of random uselessness {unknown}
 m - 2 scrolls of amnesia {unknown}
Potions
 j - 2 potions of mutation {unknown}
 k - a potion of haste {unknown}
 o - a potion of brilliance {unknown}
 p - 2 potions of curing {unknown}
 q - 2 potions of might {unknown}
Comestibles
 c - 5 rations
 d - 3 chunks of flesh


   Skills:
 + Level 4.1 Fighting
 + Level 3.3 Axes
 + Level 3.3 Armour
 + Level 2.3 Dodging


You had 3 spell levels left.
You didn't know any spells.
Your spell library was empty.

Dungeon Overview and Level Annotations

Branches:
Dungeon (3/15)

Altars:


Innate Abilities, Weirdness & Mutations

You are resistant to torment.
Your stone body is resilient. (AC +3)
You are immune to poison.
You resist negative energy. (rN+)
You are resistant to electric shocks. (rElec)
You can survive without breathing.
You are immune to petrification.
You are immune to rotting.


Message History

The stone barely misses you.
The orc priest calls upon Beogh to heal the orc priest.
The orc priest is healed somewhat.
The orc priest calls upon Beogh to heal the orc priest.
The orc priest is healed somewhat.
Okay, then.
You barely miss the orc priest.
The orc priest is lightly wounded.
The hobgoblin throws a stone.
The stone hits you but does no damage.
The orc priest hits you but does no damage.
The orc priest looks encouraged for a moment.
The hobgoblin throws a stone.
The stone barely misses you.
The orc priest casts a cantrip, but nothing happens.
You hit the orc priest but do no damage.
The orc priest is lightly wounded.
The hobgoblin throws a stone.
The stone barely misses you. The orc priest closely misses you.
The orc priest invokes the aid of Beogh against you.
Beogh smites you!
You die...

#.......# #.......#
#.......# #.......#
#.......# #.......#
#...oo..# #..)†@(.#
#.......#####
#....(......#
.#.......###.#
.g........# #.#
.##.#####.# #.#
.........###.#######
.
.##.#####...........#
....# #....÷......#


You could see 2 orc priests and a hobgoblin.

Vanquished Creatures
  4 adders
  2 dart slugs
  2 leopard geckos
  3 orcs (D:3)
  5 bats
  3 giant cockroaches
  8 goblins
  6 hobgoblins
  6 jackals
  A quokka (D:3)
  4 frilled lizards
  8 kobolds
  5 rats
57 creatures vanquished.

Notes
Turn   | Place    | Note
-------+----------+-------------------------------------------
     0 | D:1      | Fang the Gargoyle Berserker began the quest for the Orb.
     0 | D:1      | Reached XP level 1. HP: 14/14 MP: 1/1
    45 | D:1      | Reached XP level 2. HP: 13/19 MP: 2/2
   233 | D:1      | Reached XP level 3. HP: 19/23 MP: 3/3
   692 | D:2      | Reached XP level 4. HP: 29/29 MP: 4/4
   709 | D:2      | Reached ** piety under Trog
   756 | D:2      | Reached skill level 4 in Fighting
  1562 | D:3      | HP: 1/29 [orc priest/divine providence (12)]
  1565 | D:3      | Killed from afar by an orc priest

Skill      XL: |  1  2  3  4 |
---------------+-------------+-----
Axes           | 3 |  3.3
Dodging        | 2 |  2.3
Armour         | 3 |  3.3
Fighting       | 4 |  4.1

Action                   |  1- 3 |  4- 6 || total
-------------------------+-------+-------++-------
Melee: Hand axe          |    82 |   111 ||   193
Invok: Berserk           |     1 |     1 ||     2
       Trog's Hand       |       |     1 ||     1
  Eat: Chunk             |       |     3 ||     3
Armor: Animal skin       |    32 |    42 ||    74
Dodge: Dodged            |    84 |    80 ||   164
